 Dungeon Crawl Stone Soup version 0.31-a0-145-g046c7d2549 (webtiles) character file.

Game seed: 8817883695969499635

4 Majang the Sneak (level 1, 0/17 HPs)
             Began as a Vampire Delver on June 6, 2023.
             Was a Believer of Uskayaw.
             Succumbed to an adder's poison
             ... on level 3 of the Dungeon.
             The game lasted 00:02:13 (277 turns).

Majang the Sneak (Vampire Delver)                    Turns: 277, Time: 00:02:13

Health: 0/17       AC:  5    Str: 11    XL:     1   Next: 50%
Magic:  1/1        EV: 11    Int: 12    God:    Uskayaw [**....]
Gold:   12         SH:  0    Dex: 15    Spells: 0/0 levels left

rFire   . . .        a - +0 short sword
rCold   . . .        (no shield)
rNeg    . . .        k - +0 ring mail
rPois   .            (no helmet)
rElec   .            (no cloak)
rCorr   .            (no gloves)
SInv    +            (no boots)
Will    .....        (no amulet)
Stlth   +++          (no ring)
HPRegen 0.42/turn    (no ring)
MPRegen 0.07/turn

%: no passive effects
@: lethally poisoned (0 -> -9), healing quickly
A: alive, fangs 3, see invisible, vampiric 1, wild magic 1, sturdy frame 1
a: Exsanguinate, Renounce Religion, Stomp, Line Pass


You were on level 3 of the Dungeon.
You worshipped Uskayaw.
Uskayaw was noncommittal.
You visited 2 branches of the dungeon, and saw 4 of its levels.

You collected 12 gold pieces.

Inventory:

Hand Weapons
 a - a +0 short sword (weapon)
Armour
 b - a +0 leather armour
 k - a +0 ring mail (worn)
Wands
 g - a wand of digging (3)
Scrolls
 c - a scroll of fog
 d - a scroll of magic mapping
 e - a scroll of fear
 i - a scroll of immolation {unknown}
 j - a scroll of enchant armour {unknown}
Potions
 f - a potion of haste


   Skills:
 + Level 2.7 Fighting
 * Level 2.5 Short Blades
 - Level 2.1 Dodging
 - Level 7.2 Stealth


You couldn't memorise any spells.
You didn't know any spells.
Your spell library was empty.

Dungeon Overview and Level Annotations

Branches:
Dungeon (5/15)             Temple (1/1) D:4

Altars:
Cheibriados
Dithmenos
Hepliaklqana
Nemelex Xobeh
Okawaru
Qazlal
Sif Muna
Uskayaw
Wu Jian
Yredelemnul

Annotations:
D:5 Prince Ribbit


Innate Abilities, Weirdness & Mutations

Your natural rate of healing is accelerated.
You have razor-sharp teeth.
You have supernaturally acute eyesight. (SInv)
You are afflicted with vampirism.
Your spells are a little harder to cast, but a little more powerful.
Your movements are slightly less encumbered by armour. (ER -2)


Message History

The quokka barely misses you. The adder barely misses you.
You completely miss the adder. Your bite misses the adder.
The adder is moderately wounded.
The quokka bites you but does no damage.
The adder misses you.
You completely miss the adder.
The adder is moderately wounded.
The quokka closely misses you. The adder completely misses you.
You closely miss the adder. You bite the adder.
The adder is heavily wounded.
The quokka closely misses you. The adder bites you.
You closely miss the adder.
The adder is heavily wounded.
The quokka bites you but does no damage.
The adder bites you.
You hit the adder. You bite the adder, but do no damage.
The adder is severely wounded.
The quokka bites you but does no damage.
The adder completely misses you.
You can now pass through a line of other dancers.
You hit the adder.
The adder is almost dead.
The quokka bites you. The adder misses you.
The quokka twitches its whiskers.
The quokka barely misses you.
You barely miss the adder. Your bite misses the adder.
The adder is almost dead.
The adder bites you. The quokka barely misses you.
You hit the adder.
The adder is almost dead.
The adder bites you.
You are poisoned.
The adder poisons you! The quokka bites you. The adder bites you.
* * * LOW HITPOINT WARNING * * *
You are more poisoned.
The adder poisons you!
It was a potion of mutation.
You feel extremely strange.
You feel less in control of your magic.
You feel less encumbered by your armour.
You die...

#..####......^..K..
#..# ......####...
#####..# .......
... #.....†#
#......
#.####............
#.# #####.......
#.# #...........
#.# #.##r######
#.#####.##@# ####
#.......##S#....#
##########J#....#
#....g....)#
#.........##
#[........#
#.......[<...
#.........###
#.........#


You could see an adder, an endoplasm, a quokka and a goblin.

Vanquished Creatures
  A giant cockroach (D:4)
  A quokka (D:4)
  A kobold (D:4)
  A rat (D:3)
4 creatures vanquished.

Notes
Turn   | Place    | Note
-------+----------+-------------------------------------------
     0 | D:5      | Majang the Vampire Delver began the quest for the Orb.
     0 | D:5      | Reached XP level 1. HP: 17/17 MP: 1/1
     0 | D:5      | Noticed Prince Ribbit
    61 | D:4      | Found a staircase to the Ecumenical Temple.
    73 | Temple   | Entered the Ecumenical Temple
   124 | Temple   | Became a worshipper of Uskayaw the Reveller
   220 | D:3      | Reached * piety under Uskayaw
   273 | D:3      | Reached ** piety under Uskayaw
   277 | D:3      | Gained mutation: Your spells are a little harder to cast,
                  | but a little more powerful. [potion of mutation]
   277 | D:3      | Gained mutation: Your movements are slightly less
                  | encumbered by armour. (ER -2) [potion of mutation]
   277 | D:3      | Succumbed to an adder's poison

Illustrated notes

Levels and vault maps discovered:
D:3:      layout_basic, gammafunk_temple_overflow_wave
D:4:      layout_basic, mainiacjoe_overflow_surrounded_room,
          minmay_temple_entry_glass, nicolae_titane
D:5:      layout_basic, amcnicky_altar_gilded, nicolae_shop_gadgets,
          uniq_menkaure, uniq_blork_the_orc, uniq_prince_ribbit1
Temple:   jpeg_temple_clearing

Action                     || total
---------------------------++-------
  Melee: Short sword       ||    22
         Bite              ||     2
    Use: Potion            ||     1
   Stab: Sleeping          ||     2
 Armour: Ring mail         ||     8
         Leather armour    ||     1
  Dodge: Dodged            ||    19

Table legend: (Time is in decaauts)
 A = Elapsed time spent in this place.
 B = Non-inter-level travel time spent in this place.
 C = Inter-level travel time spent in this place.
 D = Time resting spent in this place.
 E = Time spent auto-exploring this place.
 F = Levels seen in this place.
 G = Mean time per level.
                   A        B        C        D        E       F      G
               +--------+--------+--------+--------+--------+-----+--------+
         Total |    274 |    274 |      0 |      0 |      0 |   4 |   68.5 |
       Dungeon |    172 |    172 |      0 |      0 |      0 |   3 |   57.3 |
        Temple |    101 |    101 |      0 |      0 |      0 |   1 |  101.0 |
               +--------+--------+--------+--------+--------+-----+--------+

Top non-repeatable levels by time:
  Temple: 101 daAuts
     D:4: 88 daAuts
     D:3: 71 daAuts
     D:5: 12 daAuts
